 Dungeon Crawl Stone Soup version 0.21-a0-584-g185da8e (webtiles) character file.

144 SpeedyPerson7 the Chopper (level 5, -3/47 HPs)
             Began as a Minotaur Berserker on Dec 20, 2017.
             Was a Believer of Trog.
             Killed from afar by a dart slug (5 damage)
             ... with a slug dart
             ... on level 4 of the Dungeon.
             The game lasted 00:01:26 (1574 turns).

SpeedyPerson7 the Chopper (Minotaur Berserker)      Turns: 1574, Time: 00:01:26

Health: -3/47      AC:  2    Str: 26    XL:     5   Next: 5%
Magic:  4/4        EV: 12    Int:  4    God:    Trog [**....]
Gold:   73         SH:  0    Dex:  9    Spells: 4/4 levels left

rFire    . . .     SeeInvis .   a - +0 hand axe
rCold    . . .     Gourm    .   (no shield)
rNeg     . . .     Faith    .   b - +0 animal skin
rPois    .         Spirit   .   (helmet restricted)
rElec    .         Reflect  .   (no cloak)
rCorr    .         Harm     .   (no gloves)
MR       .....                  (no boots)
Stlth    +.........             o - amulet of rage
HPRegen  0.15/turn              i - +3 ring of strength
MPRegen  0.09/turn              (no ring)

@: berserk cooldown, slowed, very slow
A: retaliatory headbutt, horns 2
a: Berserk, Trog's Hand, Burn Spellbooks, Renounce Religion, Evoke Berserk Rage


You were on level 4 of the Dungeon.
You worshipped Trog.
Trog was pleased with you.
You were not hungry.

You visited 1 branch of the dungeon, and saw 4 of its levels.

You collected 73 gold pieces.

Inventory:

Hand Weapons
 a - a +0 hand axe (weapon)
Armour
 b - a +0 animal skin (worn)
Jewellery
 i - a +3 ring of strength (left hand)
 o - an amulet of rage (around neck)
 p - an uncursed ring of see invisible {unknown}
Scrolls
 d - 3 scrolls of identify {unknown}
 f - 4 scrolls of remove curse {unknown}
 h - 2 scrolls of blinking {unknown}
 m - a scroll of fear {unknown}
 n - a scroll of teleportation {unknown}
Potions
 g - 3 potions of curing {unknown}
 j - a potion of might {unknown}
 k - a potion of mutation {unknown}
 l - a potion of resistance {unknown}
Comestibles
 e - 2 rations


   Skills:
 + Level 4.9 Fighting
 * Level 6.1 Axes
 - Level 2.4 Armour
 - Level 2.1 Dodging


You had 4 spell levels left.
You didn't know any spells.

Dungeon Overview and Level Annotations

Branches:
Dungeon (4/15)
 Temple: D:4-7

Altars:


Innate Abilities, Weirdness & Mutations

You reflexively headbutt those who attack you in melee.
You have a pair of horns on your head.


Message History

You have reached level 5!
Your unstable footing causes you to fumble your attack.
You slice the dart slug!!
You kill the dart slug!
Trog accepts your kill. The dart slug launches a dart at you.
The slug dart hits you!
* * * LOW HITPOINT WARNING * * *
The dart slug misses you. You furiously retaliate!
You headbutt the dart slug!!
You kill the dart slug!
Trog accepts your kill.
You feel a strong urge to attack something.
A dart slug comes into view.
You see here a dart slug corpse.
You are no longer berserk.
You are exhausted.
You feel yourself slow down. The dart slug launches a dart at you.
The slug dart hits you!
You die...

. ##≈w≈≈≈≈#≈≈≈≈##
.#≈≈≈≈≈≈..≈≈#≈≈#
#.≈≈≈≈≈$..≈≈≈≈≈.
.#≈#≈≈≈≈≈$)≈≈≈≈≈w
.≈≈≈≈≈≈≈≈.#≈≈≈≈≈#
.≈≈≈≈≈≈#!..≈≈≈≈≈≈
..≈≈≈≈≈≈<<.≈≈≈≈≈≈
.≈≈≈≈≈†≈...#≈≈≈≈≈
.≈#≈≈≈≈≈≈@≈≈≈#≈≈≈
#≈#≈≈≈≈≈†#≈≈≈# ≈
#.≈≈≈≈†..≈)≈≈≈≈w
..#≈≈≈≈≈...≈≈≈≈≈#
. ##≈≈≈≈≈≈#≈≈≈≈##
##.≈≈≈≈#≈≈.##
#.##≈≈.≈≈#..# ...
###.###.#.. ..#
#.. ..#


You could see 2 dart slugs.

Vanquished Creatures
  A crimson imp (D:3)
  An adder (D:3)
  3 gnolls (D:2)
  2 oozes
  2 worms
  6 dart slugs (D:4)
  A leopard gecko (D:1)
  4 giant cockroaches
  3 hobgoblins (D:1)
  A jackal (D:1)
  A ball python (D:1)
  4 bats
  5 frilled lizards
  7 goblins
  3 kobolds (D:1)
  6 rats
50 creatures vanquished.

Notes
Turn   | Place    | Note
-------+----------+-------------------------------------------
     0 | D:1      | SpeedyPerson7 the Minotaur Berserker began the quest for the Orb.
     0 | D:1      | Reached XP level 1. HP: 19/19 MP: 0/0
    76 | D:1      | Reached skill level 4 in Axes
    87 | D:1      | Reached XP level 2. HP: 16/27 MP: 1/1
   434 | D:1      | Reached XP level 3. HP: 30/33 MP: 2/2
   617 | D:2      | Reached skill level 5 in Axes
   624 | D:2      | Reached ** piety under Trog
   628 | D:2      | Reached XP level 4. HP: 30/41 MP: 3/3
  1350 | D:4      | Reached skill level 6 in Axes
  1569 | D:4      | Reached XP level 5. HP: 5/47 MP: 4/4
  1571 | D:4      | HP: 2/70 [dart slug/slug dart (4)]
  1574 | D:4      | Killed from afar by a dart slug

Vault maps used:
D:1:      lightli_arrival_noodles
D:2:      uniq_jessica
D:3:      first_ration
D:4:      kennysheep_slugbush, lemuel_doored_altar, grunt_ministairs_3,
          nemelex_dance_club_becter

Skill      XL: |  1  2  3  4 |
---------------+-------------+-----
Axes           | 4 5 6 |  6.1
Fighting       | 4 |  4.9
Armour         | |  2.4
Dodging        | |  2.1

Action                   |  1- 3 |  4- 6 || total
-------------------------+-------+-------++-------
Melee: Hand axe          |    57 |    36 ||    93
       Headbutt          |    11 |     8 ||    19
Invok: Berserk           |     1 |     1 ||     2
  Eat: Ration            |       |     1 ||     1
       Chunk             |       |     1 ||     1
Armor: Animal skin       |     7 |     9 ||    16
Dodge: Dodged            |    42 |    23 ||    65

Table legend:
 A = Spawn XP
 B = Non-spawn XP
 C = Spawn XP percentage of total XP
 D = Spawn monster count
 E = Non-spawn monster count
 F = Spawn count percentage of total count
 G = Total turns spent on level
                    A         B        C        D         E        F      G
               +---------+---------+-------+---------+---------+-------+---------
         Total |       0 |     207 |   0.0 |       0 |      50 |   0.0 |  1574
               +---------+---------+-------+---------+---------+-------+---------
           D:1 |       0 |      42 |   0.0 |       0 |      25 |   0.0 |   455
           D:2 |       0 |      71 |   0.0 |       0 |      15 |   0.0 |   418
           D:3 |       0 |      64 |   0.0 |       0 |       2 |   0.0 |   676
           D:4 |       0 |      30 |   0.0 |       0 |       8 |   0.0 |    25
               +---------+---------+-------+---------+---------+-------+---------
